 Dungeon Crawl Stone Soup version 0.24-a0-584-g9d6b971ae4 (webtiles) character file.

Game seed: 14292257786019981593, levelgen mode: deterministic

56 Mithandil the Skirmisher (level 3, 0/29 HPs)
             Began as a Demonspawn Abyssal Knight on Sept 4, 2019.
             Was a Follower of Lugonu.
             Succumbed to a worker ant's poison
             ... on level 6 of the Dungeon.
             The game lasted 00:05:56 (352 turns).

Mithandil the Skirmisher (Demonspawn Abyssal Knight) Turns: 352, Time: 00:05:56

Health: 0/29       AC:  6    Str: 13    XL:     3   Next: 71%
Magic:  5/5        EV:  9    Int: 13    God:    Lugonu [*.....]
Gold:   58         SH:  0    Dex: 12    Spells: 2/2 levels left

rFire    . . .     SeeInvis .   a - +1 falchion
rCold    + . .     Gourm    .   (no shield)
rNeg     + . .     Faith    .   k - +0 scale mail {rN+}
rPois    .         Spirit   .   (no helmet)
rElec    .         Reflect  .   (no cloak)
rCorr    .         Harm     .   (no gloves)
MR       .....                  (no boots)
Stlth    ..........             (no amulet)
HPRegen  0.09/turn              f - ring of protection from cold
MPRegen  0.09/turn              (no ring)

@: lethally poisoned (0 -> -4), very slightly contaminated
A: claws 1
a: Depart the Abyss, Renounce Religion


You were on level 6 of the Dungeon.
You worshipped Lugonu.
Lugonu was aware of your devotion.
You were not hungry.

You visited 1 branch of the dungeon, and saw 5 of its levels.
You visited the Abyss 1 time.

You collected 58 gold pieces.

Inventory:

Hand Weapons
 a - a +1 falchion (weapon)
 b - a +0 hunting sling
Missiles
 d - 6 silver boomerangs (quivered)
 e - a throwing net
 g - 15 stones
Armour
 i - a +0 leather armour
 k - a +0 scale mail of positive energy (worn)
Jewellery
 f - a ring of protection from cold (left claw)
Comestibles
 c - a ration
 h - 10 chunks of flesh


   Skills:
 + Level 3.2 Fighting
 * Level 2.4 Long Blades
 + Level 2.1 Armour
 + Level 1.2 Dodging
 + Level 0.8 Stealth
 + Level 0.9 Unarmed Combat
 + Level 3.0 Invocations


You had 2 spell levels left.
You didn't know any spells.
Your spell library was empty.

Dungeon Overview and Level Annotations

Branches:
Dungeon (6/15)
 Temple: D:4-7

Altars:
Dithmenos


Innate Abilities, Weirdness & Mutations

You have sharp fingernails.


Message History

You feel more protected from negative energy.
* * * LOW HITPOINT WARNING * * *
You feel sick.
* * * LOW HITPOINT WARNING * * *
You feel sick.
* * * LOW HITPOINT WARNING * * *
You feel sick.
A jackal comes into view.
* * * LOW HITPOINT WARNING * * *
You feel sick.
The jackal bites you but does no damage.
You slash the jackal!
You kill the jackal!
Lugonu accepts your kill.
* * * LOW HITPOINT WARNING * * *
You feel sick.
Found a scroll labeled ECUJIO YRPHUROZ.
You see here a jackal corpse.
You miss the jackal.
You die...

.## .. # ...
.# #####.#
..# .[....
#..#
#...###..
####...h#.#
#......@.#
#?##.....#
#..<..# #
####.## ##8#
#####.#
8...8##.....#
.....##.#####
....._#.#
.....####


You could see a jackal.

Vanquished Creatures
  A worker ant (D:6)
  An adder (D:3)
  2 leopard geckos
  An orc (D:3)
  3 bats (D:1)
  A giant cockroach (D:2)
  A goblin (D:1)
  2 hobgoblins (D:1)
  4 jackals
  2 kobolds (D:1)
  4 rats
22 creatures vanquished.

Notes
Turn   | Place    | Note
-------+----------+-------------------------------------------
     0 | Abyss:1  | Mithandil the Demonspawn Abyssal Knight began the quest for
                  | the Orb.
     0 | Abyss:1  | Reached XP level 1. HP: 18/18 MP: 2/2
    63 | Abyss:1  | Noticed an apocalypse crab
    65 | D:1      | Escaped the Abyss
   162 | D:1      | Reached skill level 1 in Dodging
   187 | D:1      | Gained mutation: You have sharp fingernails. [demonic
                  | ancestry]
   187 | D:1      | Reached XP level 2. HP: 24/24 MP: 3/3
   205 | D:1      | Reached * piety under Lugonu
   290 | D:3      | Reached XP level 3. HP: 12/29 MP: 5/5
   308 | D:3      | You fall into a shaft and drop 2 floors!
   308 | D:5      | Entered Level 5 of the Dungeon
   319 | D:6      | Found a shadowy altar of Dithmenos.
   350 | D:6      | HP: 1/29 [poisoned by a worker ant]
   352 | D:6      | Succumbed to a worker ant's poison

Levels and vault maps discovered:
D:1:      dpeg_arrival_triangle_fractal, layout_rooms
D:2:      layout_rooms, first_ration
D:3:      layout_rooms, minmay_crystal_room
D:5:      layout_rooms, lemuel_zombie_altar_yredelemnul, slow_altar_2,
          serial_shops, nicolae_shop_waterfront, uniq_blork_the_orc,
          uniq_prince_ribbit1
D:6:      minmay_opposing_rooms, layout_loops_ring,
          nicolae_overflow_hidden_temple, serial_shops, kennysheep_mini_moat,
          minmay_misc_feat_roman, uniq_crazy_yiuf_cottage

Skill      XL: |  1  2  3 |
---------------+----------+-----
Dodging        | 1 |  1.2
Long Blades    | 2 |  2.4
Armour         | 2 |  2.1
Invocations    | 3 |  3.0
Fighting       | |  3.2
Stealth        | |  0.8
Unarmed Combat | |  0.9

Action                   || total
-------------------------++-------
Melee: Falchion          ||    65
Invok: Depart the Abyss  ||     1
  Use: Potion            ||     3
       Scroll            ||     2
Armor: Leather armour    ||    27
       Scale mail        ||     1
Dodge: Dodged            ||    54
       Rpst.: Falchion   ||    21

Table legend:
 A = Non-vault XP
 B = Vault XP
 C = Vault XP percentage of total XP
 D = Non-vault monster count
 E = Vault monster count
 F = Vault count percentage of total count
                 A         B        C        D         E       F
            +---------+---------+-------+---------+---------+-------
      Total |      81 |       0 |   0.0 |      22 |       0 |   0.0
            +---------+---------+-------+---------+---------+-------
        D:1 |      18 |       0 |   0.0 |      11 |       0 |   0.0
        D:2 |       5 |       0 |   0.0 |       2 |       0 |   0.0
        D:3 |      24 |       0 |   0.0 |       7 |       0 |   0.0
        D:6 |      34 |       0 |   0.0 |       2 |       0 |   0.0
            +---------+---------+-------+---------+---------+-------
